Map: Daybreak LE (Void)

Players

Bancheese

  • Race: Terran Terran
  • League: Diamond
  • Spawn Location: 7:00

Musumeci - Winner!

  • Race: Zerg Zerg
  • League: Diamond
  • Spawn Location: 1:00

VOD

Have the link to the VOD?

Description

Time

  • Played on: Jan. 23, 2017, 3:06 p.m.
  • Length: 13:33
Show
View Real Time Build Order
Export as new Build Order

Bancheese Terran 

Build Orders: Liberator Opening, Reaper Expand 

Get SALT Encoding   

  12  0:00  SCV  
  13  0:13  SCV  
  14  0:17  Supply Depot  
  14  0:25  SCV  
  15  0:39  SCV  
  15  0:40  Barracks  
  16  0:44  Refinery  
  16  0:51  SCV  
  17  1:07  SCV  
  18  1:20  SCV  
  19  1:28  Reaper  
  19  1:32  Orbital Command  
  20  1:44  Command Center  
  20  1:54  Supply Depot  
  20  1:58  SCV  
  21  2:01  Refinery  
  21  2:03  Marine  
  22  2:10  SCV  
  23  2:17  Factory  
  22  2:43  Barracks Reactor  
  22  2:44  SCV  
  23  2:57  SCV  
  26  3:06  Starport, Hellion  
  26  3:09  SCV  
  26  3:12  Engineering Bay  
  27  3:24  SCV  
  27  3:30  Orbital Command  
  27  3:38  Liberator  
  27  3:39  Supply Depot  
  27  3:40  SCV  
  27  3:41  Terran Infantry Weapons Level 1  
  28  3:46  Hellion x2  
  32  3:52  SCV  
  36  4:00  SCV  
  37  4:10  Hellion x2  
  37  4:12  Barracks Tech Lab  
  37  4:13  SCV  
  42  4:31  Hellion  
  42  4:32  Hellion  
  46  4:39  Marine  
  46  4:40  Stimpack  
  46  4:43  SCV x2  
  49  4:46  Supply Depot  
  51  4:53  Hellion x2  
  51  4:54  Liberator  
  58  5:14  Hellion x2  
  62  5:35  Hellion  
  62  5:48  Hellion  
  61  5:54  Barracks  
  61  5:55  Barracks x2  
  61  5:56  Command Center  
  61  5:58  Supply Depot  
  61  6:05  Hellion  
  59  6:17  Marine  
  60  6:23  Engineering Bay  
  60  6:25  Terran Infantry Armor Level 1  
  60  6:28  Armory  
  60  6:30  Widow Mine x2  
  64  6:35  Starport Reactor  
  64  6:36  Marauder  
  64  6:37  SCV x2  
  68  6:47  Barracks Reactor  
  68  6:48  Barracks Reactor  
  68  6:49  SCV x2  
  68  6:50  Barracks Reactor  
  70  6:55  Supply Depot  
  70  6:56  Supply Depot  
  70  6:59  Supply Depot  
  70  7:07  SCV  
  71  7:17  Orbital Command  
  71  7:19  SCV x2  
  71  7:20  Supply Depot  
  73  7:29  Marine  
  73  7:30  Marine x7  
  73  7:34  Terran Vehicle Weapons Level 1  
  73  7:35  Supply Depot  
  81  7:38  Refinery  
  81  7:40  Refinery  
  81  7:41  Supply Depot  
  81  7:43  SCV  
  83  7:47  Marine x3  
  85  7:53  Marine x5  
  85  7:56  Medivac  
  85  7:58  Medivac  
  94  8:05  Marine x2  
  95  8:07  Siege Tank  
  95  8:11  Marine x2  
  101  8:15  SCV x2  
  104  8:27  SCV x2, Medivac  
  104  8:32  Refinery  
  104  8:33  Orbital Command  
  107  8:38  Marine x8  
  115  8:45  Siege Tank  
  118  8:56  Marine x8  
  118  8:58  SCV x3  
  129  9:10  SCV x3  
  129  9:12  Terran Infantry Weapons Level 2  
  129  9:13  Marine  
  133  9:23  Supply Depot  
  133  9:25  Supply Depot  
  133  9:37  SCV x3, Marine x5  
  133  9:38  Bunker  
  141  9:43  Supply Depot  
  141  9:44  Terran Infantry Armor Level 2  
  141  9:45  Marine  
  142  9:50  Siege Tank  
  142  9:51  SCV  
  146  10:04  Supply Depot  
  146  10:06  SCV x3, Supply Depot  
  149  10:08  Marine  
  149  10:09  Marine x3  
  153  10:18  SCV x2  
  155  10:44  Marine  
  155  10:45  Marine x7  
  155  10:46  Siege Tank  
  166  10:50  Terran Vehicle Weapons Level 2  
  166  10:51  Factory  
  166  10:57  Starport  
  166  11:02  Marine  
  166  11:03  Marine x7  
  158  11:20  Marine x4  
  145  11:26  Marine x4  
  145  11:29  Siege Tank  
  148  11:38  Marine x4  
  109  11:44  Marine x3  
  111  11:48  Marine  
  111  11:56  Marine  
  112  12:01  Siege Tank  
  112  12:06  Missile Turret, Marine  
  116  12:09  Factory Tech Lab, Missile Turret  
  114  12:23  Medivac x2  
  79  12:55  Marine x2  
  79  12:58  Orbital Command, Marine  
  64  12:59  Marine x2  
  49  13:13  Marine x2  
Show
View Real Time Build Order
Export as new Build Order

Musumeci Zerg - Winner!

Build Orders: Hatch First 

Get SALT Encoding   

  12  0:01  Drone  
  13  0:08  Drone  
  14  0:22  Drone, Extractor  
  15  0:40  Hatchery  
  14  0:45  Extractor  
  14  0:46  Drone  
  15  1:04  Spawning Pool  
  15  1:10  Drone, Extractor x2  
  13  1:16  Drone  
  15  1:21  Overlord  
  16  1:39  Drone  
  18  1:43  Drone  
  18  1:51  Queen  
  18  1:53  Drone  
  21  1:55  Queen  
  21  1:59  Drone  
  24  2:06  Overlord  
  24  2:09  Drone  
  25  2:24  Drone  
  25  2:26  Queen  
  25  2:28  Spore Crawler  
  27  2:30  Spore Crawler  
  25  2:41  Queen  
  29  3:02  Extractor  
  28  3:10  Drone  
  28  3:11  Drone x5  
  34  3:17  Drone x2  
  36  3:34  Extractor  
  36  3:35  Drone, Extractor  
  36  3:36  Drone x2, Roach Warren  
  36  3:54  Overlord  
  36  3:56  Overlord  
  36  3:57  Overlord x2  
  36  3:58  Overlord  
  36  4:16  Drone x7  
  43  4:22  Hatchery, Roach, Evolution Chamber  
  43  4:24  Evolution Chamber  
  42  4:35  Evolution Chamber  
  41  4:39  Drone x5  
  46  4:49  Roach x3  
  53  5:11  Drone, Spore Crawler  
  53  5:12  Drone x3, Spore Crawler  
  53  5:13  Extractor, Spore Crawler  
  53  5:16  Spore Crawler  
  52  5:23  Drone  
  52  5:24  Drone x2  
  51  5:41  Roach x5  
  58  5:44  Drone  
  59  5:51  Zerg Missile Weapons Level 1  
  59  5:53  Zerg Ground Armor Level 1  
  59  5:54  Lair  
  59  5:56  Drone x3  
  62  5:57  Extractor  
  62  6:00  Drone x2  
  63  6:11  Ravager  
  64  6:16  Drone x5  
  69  6:30  Evolution Chamber  
  68  6:33  Ravager  
  68  6:34  Ravager x2  
  68  6:36  Drone x4  
  68  6:37  Drone, Evolution Chamber  
  68  6:38  Evolution Chamber  
  68  6:39  Spine Crawler  
  73  6:49  Overlord x2  
  73  6:54  Queen  
  73  6:55  Drone x2  
  73  6:58  Drone  
  73  6:59  Drone  
  73  7:00  Drone  
  80  7:02  Glial Reconstitution  
  80  7:04  Drone  
  81  7:16  Drone  
  81  7:17  Drone x7  
  81  7:21  Extractor  
  81  7:22  Extractor  
  87  7:26  Drone  
  87  7:27  Drone x2  
  90  7:38  Ravager x2  
  90  7:39  Roach x3  
  98  7:45  Overlord x5  
  98  7:48  Zerg Missile Weapons Level 2  
  98  7:54  Zerg Ground Armor Level 2  
  98  8:03  Drone x3  
  101  8:07  Drone x3  
  101  8:11  Ravager x3  
  107  8:19  Overlord x2  
  107  8:20  Overlord  
  107  8:31  Infestation Pit, Roach  
  107  8:32  Roach x8  
  124  8:39  Overseer  
  124  8:43  Roach x6  
  136  9:04  Roach x9  
  154  9:12  Tunneling Claws  
  154  9:15  Burrow  
  154  9:35  Spore Crawler x3  
  151  9:39  Spore Crawler  
  151  9:40  Spore Crawler  
  151  9:44  Overlord x4  
  149  9:46  Hatchery  
  149  9:47  Spore Crawler  
  149  9:49  Hive  
  147  10:11  Roach x9  
  147  10:12  Roach x6  
  177  10:30  Ravager  
  177  10:32  Overlord x4  
  177  10:33  Overlord x2  
  178  10:54  Ravager x7  
  178  10:55  Ravager x3  
  188  11:04  Extractor  
  187  11:06  Extractor  
  165  11:18  Roach  
  165  11:19  Roach x3  
  165  11:22  Roach x4  
  165  11:23  Roach  
  165  11:24  Roach x5  
  165  11:25  Roach x13  
  184  11:34  Roach  
  184  11:35  Roach x10  
  190  11:52  Roach x2  
  182  11:59  Roach x2  
  182  12:02  Ravager x2  
  182  12:03  Ravager x4  
  183  12:29  Roach x2  
  148  12:45  Roach x5  
  148  12:46  Roach x9  
  148  12:48  Roach x2  
  148  12:49  Roach x3  
  148  12:50  Roach x3  
  148  12:51  Roach x2  
  170  12:53  Roach x2  
  170  12:54  Roach x2  
  165  12:59  Roach x14  
  155  13:23  Ravager x3  
  155  13:24  Ravager  
Tags
 
Add a new tag
Caveats
  • Supply blocks, unpowered buildings, or Contaminate may cause inaccurate times.
  • Supply counts are checked every 10 seconds.